 Dungeon Crawl Stone Soup version 0.31-a0-631-g285b096dc4 (webtiles) character file.

Game seed: 10951605094872727037

772 Nebesus the Thaumaturge (level 7, -5/75 HPs)
             Began as a Naga Wanderer on Aug 25, 2023.
             Slain by Pargi the warg (11 damage)
             ... in a sewer.
             The game lasted 00:06:51 (4192 turns).

Nebesus the Thaumaturge (Naga Wanderer)             Turns: 4192, Time: 00:06:52

Health: -5/75      AC:  8    Str: 12    XL:     7   Next: 83%
Magic:  22/22      EV:  9    Int: 14    God:
Gold:   201        SH:  0    Dex: 13    Spells: 28/29 levels left

rFire   + . .        a - +3 mace
rCold   . . .        (no shield)
rNeg    . . .        b - +0 leather armour
rPois   +            (no helmet)
rElec   .            u - +0 cloak
rCorr   .            o - +0 pair of gloves
SInv    +            (no barding)
Will    +....        (no amulet)
Stlth   +++          p - ring of protection from fire
HPRegen 0.32/turn    (no ring)
MPRegen 0.18/turn

%: no passive effects
@: short of breath, enlightened, flying, very slow
A: AC +2, large, see invisible, deformed body, poison resistance, slowness 2,
spit poison 2, naga tail 1, iridescent scales 1, camouflage 1
a: Breathe Poison Gas


You were in a sewer.
You visited 1 branch of the dungeon, and saw 4 of its levels.
You also visited: Sewer.

You collected 201 gold pieces.

Inventory:

Hand Weapons
 a - a +3 mace (weapon)
Missiles
 e - 3 throwing nets
 l - 3 poisoned darts
Armour
 b - a +0 leather armour (worn)
 o - a +0 pair of gloves (worn)
 u - a +0 cloak (worn)
Jewellery
 p - a ring of protection from fire (left hand)
Wands
 c - a wand of polymorph (3)
Scrolls
 d - 2 scrolls of fear
 f - 2 scrolls of poison {unknown}
 g - 2 scrolls of fog
 h - 2 scrolls of silence
 i - a scroll of torment {unknown}
 j - 3 scrolls of revelation {unknown}
 k - 2 scrolls of identify
 m - a scroll of vulnerability {unknown}
 q - a scroll of acquirement {unknown}
 r - a scroll of brand weapon {unknown}
 t - a scroll of teleportation {unknown}
 w - a scroll of summoning {unknown}
Potions
 n - a potion of brilliance
 A - a potion of invisibility


   Skills:
 + Level 8.9 Fighting
 + Level 0.0 Maces & Flails
 - Level 2.0 Armour
 + Level 2.0 Dodging
 - Level 4.0 Stealth
 + Level 11.9 Spellcasting
 - Level 2.0 Summonings
 - Level 2.0 Evocations


You had 28 spell levels left.
You knew the following spells:

 Your Spells              Type           Power      Damage    Failure   Level
a - Summon Small Mammal   Summ           52%        N/A       4%          1

Your spell library contained the following spells:

 Spells                   Type           Power      Damage    Failure   Level
 Summon Guardian Golem    Hex/Summ       11%        N/A       22%         3


Dungeon Overview and Level Annotations

Branches:
Dungeon (4/15)              Sewer (1/1)
 Temple: D:4-7

Altars:
Ru
Yredelemnul
The Shining One

Shops:
D:1 *   D:2 :

Annotations:
Sewer Pargi


Innate Abilities, Weirdness & Mutations

Your serpentine skin is tough. (AC +2)
You have supernaturally acute eyesight. (SInv)
Armour fits poorly on your strangely shaped body.
Your system is resistant to poisons. (rPois)
You cover ground very slowly.
You can exhale a cloud of poison.
You have a snake-like lower body.
You are partially covered in iridescent scales. (AC +2)
Your skin changes colour to match your surroundings (Stealth+).


Message History

Pargi barely misses you.
You barely miss Pargi.
Pargi is severely wounded.
Pargi bites you but does no damage. Pargi barely misses you.
You hit Pargi.
Pargi is severely wounded.
Pargi bites you but does no damage. Pargi bites you.
You can't do that yet.
You closely miss Pargi.
Pargi is severely wounded.
Pargi bites you. x2
You hit Pargi.
Pargi is almost dead.
Pargi bites you. Pargi bites you!
You hit Pargi.
Pargi is almost dead.
Pargi bites you but does no damage. Pargi completely misses you.
You hit Pargi but do no damage.
Pargi is almost dead.
Pargi barely misses you.
You closely miss Pargi.
Pargi is almost dead.
You have got your breath back.
Pargi bites you. Pargi bites you but does no damage.
Aiming: Breathe Poison Gas (5% risk of failure)
Press: ? - help, Shift-Dir - straight line, f/p - Pargi
Aim: Pargi the warg (almost dead, 50% to hit)
You exhale a blast of poison gas.
The poison gas engulfs Pargi.
Pargi completely resists.
Pargi is almost dead.
Pargi bites you!
* * * LOW HITPOINT WARNING * * *
Pargi bites you.
* * * LOW HITPOINT WARNING * * *
Unknown command.
Unknown command.
You hit Pargi.
Pargi is almost dead.
Pargi bites you!
You die...

≈≈≈≈≈~#####~#
#.#~≈≈≈≈≈≈≈≈ ≈≈≈≈≈~
#~# ###†≈≈≈≈≈≈≈≈
≈≈≈≈~ #~#
#~≈≈≈≈≈≈≈≈ ≈≈≈≈T
#~# ##~≈≈≈≈≈≈≈ ≈≈≈~
#†# ##~≈≈≈≈≈≈ ≈≈≈.
##☼## #.~≈≈≈≈≈≈
#§§○# ##..≈≈≈≈≈
#○h○# ###~≈≈≈≈
#§@§# #.~≈≈≈≈ #####
##~≈≈≈≈ ###~≈≈≈≈
##.~≈≈≈≈≈
##.~≈≈≈≈≈≈
#~≈≈≈≈≈≈≈≈ ####
###.≈≈≈≈≈≈≈≈ #..#
#~~≈≈≈≈≈≈≈≈≈
###∩∩###.~≈≈≈≈≈≈≈≈≈


You could see Pargi the warg.

Vanquished Creatures
  A hound (D:3)
  3 gnolls (D:3)
  5 adders
  A dart slug (D:2)
  4 orcs
  5 endoplasms
  8 giant cockroaches
  9 goblins
  5 hobgoblins
  4 jackals (D:4)
  2 quokkas
  13 ball pythons
  2 bats
  11 frilled lizards
  6 kobolds
  4 rats
83 creatures vanquished.

Vanquished Creatures (collateral kills)
  An adder (D:2)
  A goblin (D:1)
  A quokka (D:1)
  A frilled lizard (D:1)
  A kobold (D:1)
5 creatures vanquished.

Grand Total: 88 creatures vanquished

Notes
Turn   | Place    | Note
-------+----------+-------------------------------------------
     0 | D:1      | Nebesus the Naga Wanderer began the quest for the Orb.
     0 | D:1      | Nebesus set off with the following items: a +0 dagger, 3
                  | throwing nets, a wand of polymorph (4), a scroll of fear, a
                  | +0 leather armour; and the following spell memorised:
                  | Summon Small Mammal; and the following spells available to
                  | memorise: Summon Guardian Golem.
     0 | D:1      | Reached XP level 1. HP: 15/15 MP: 3/3
   114 | D:1      | Found Nionimef's General Store.
   243 | D:1      | Reached XP level 2. HP: 24/24 MP: 0/5
   895 | D:1      | Reached XP level 3. HP: 30/30 MP: 6/6
  1369 | D:2      | Reached skill level 1 in Fighting
  1525 | D:2      | Found Futtelaz's Book Shoppe.
  1815 | D:2      | Reached XP level 4. HP: 4/38 MP: 4/7
  2704 | D:3      | Reached XP level 5. HP: 44/45 MP: 9/9
  3161 | D:3      | Found a sacrificial altar of Ru.
  3171 | D:3      | Found a basalt altar of Yredelemnul.
  3671 | D:4      | Reached skill level 3 in Spellcasting
  3700 | D:4      | Found a glowing golden altar of the Shining One.
  3883 | D:4      | Found a glowing drain.
  3925 | Sewer    | Entered a sewer
  4028 | Sewer    | Noticed Pargi
  4054 | Sewer    | Reached skill level 8 in Spellcasting
  4054 | Sewer    | Reached XP level 6. HP: 34/68 MP: 10/17
  4065 | Sewer    | Reached skill level 11 in Spellcasting
  4065 | Sewer    | Reached XP level 7. HP: 10/75 MP: 13/22
  4171 | Sewer    | Pargi changed into Pargi the warg
  4171 | Sewer    | Noticed Pargi
  4174 | Sewer    | HP: 2/75 [Pargi the warg (5)]
  4175 | Sewer    | Gained mutation: You can exhale a cloud of poison. [potion
                  | of mutation]
  4175 | Sewer    | Gained mutation: You are partially covered in iridescent
                  | scales. (AC +2) [potion of mutation]
  4175 | Sewer    | Gained mutation: Your skin changes colour to match your
                  | surroundings (Stealth+). [potion of mutation]
  4192 | Sewer    | Slain by Pargi the warg

Illustrated notes

Levels and vault maps discovered:
D:1:      amcnicky_arrival_gap_in_the_tavern_cellar, layout_basic, serial_shops,
          shop, minmay_unequal
D:2:      layout_loops_ring, serial_shops, shop, kennysheep_generic_room_9
D:3:      layout_loops_ring, jmf_multi_god_temple, grunt_ministairs_8,
          serial_park_tiny_2, nicolae_concentric_dashed_squares_mild
D:4:      layout_rooms, tso_metal_star, minmay_temple_entry_mini_moons,
          portal_sewer_entry_f, serial_bayou_pond_d
Sewer:    sewer_co_pargi_island

Skill      XL: |  1  2  3  4  5  6 |
---------------+-------------------+-----
Stealth        | 2 3 4 |  4.0
Fighting       | 1 8 |  8.9
Dodging        | 2 |  2.0
Armour         | 2 |  2.0
Spellcasting   | 8 11 | 11.9
Summonings     | |  2.0
Evocations     | |  2.0

Action                     |  1- 3 |  4- 6 |  7- 9 || total
---------------------------+-------+-------+-------++-------
  Melee: Dagger            |   168 |    84 |       ||   252
         Punch             |     2 |     2 |       ||     4
         Mace              |       |   123 |    17 ||   140
   Cast: Summon Small Mamm |    12 |     1 |     3 ||    16
Ability: Spit Poison       |     1 |       |     2 ||     3
         Breathe Poison Ga |       |       |     2 ||     2
  Evoke: Wand              |       |       |     1 ||     1
    Use: Potion            |     1 |     3 |     4 ||     8
         Scroll            |       |     4 |       ||     4
   Stab: Distracted        |     1 |       |       ||     1
         Sleeping          |     1 |     7 |       ||     8
 Armour: Leather armour    |    33 |   124 |     8 ||   165
  Dodge: Dodged            |    98 |   133 |    13 ||   244

Table legend: (Time is in decaauts)
 A = Elapsed time spent in this place.
 B = Non-inter-level travel time spent in this place.
 C = Inter-level travel time spent in this place.
 D = Time resting spent in this place.
 E = Time spent auto-exploring this place.
 F = Levels seen in this place.
 G = Mean time per level.
                   A        B        C        D        E       F      G
               +--------+--------+--------+--------+--------+-----+--------+
         Total |   5198 |   4938 |    260 |    622 |   3317 |   5 | 1039.6 |
       Dungeon |   4879 |   4619 |    260 |    546 |   3246 |   4 | 1219.8 |
         Sewer |    319 |    319 |      0 |     76 |     71 |   1 |  319.0 |
               +--------+--------+--------+--------+--------+-----+--------+

Top non-repeatable levels by time:
     D:2: 1661 daAuts
     D:1: 1605 daAuts
     D:3: 1271 daAuts
     D:4: 341 daAuts
   Sewer: 319 daAuts
